 Dungeon Crawl Stone Soup version 0.18.1-50-g88ac8fd (webtiles) character file.

252 Amnesiac the Ducker (level 5, 0/32 HPs)
             Began as a Deep Elf Fighter on Feb 28, 2018.
             Was an Initiate of Gozag.
             Killed by nerve-wracking pain
             ... invoked by a shadow imp
             ... summoned by Natasha
              (7 damage)
             ... on level 4 of the Dungeon.
             The game lasted 00:07:29 (3368 turns).

Amnesiac the Ducker (Deep Elf Fighter)              Turns: 3368, Time: 00:07:30

Health: 0/32       AC: 10    Str: 14    XL:     5   Next: 89%
Magic:  7/7        EV:  5    Int: 13    God:    Gozag
Gold:   515        SH:  9    Dex: 14    Spells: 0 memorised, 4 levels left

rFire  . . .     SeeInvis .     b - +0 hunting sling
rCold  . . .     Gourm    .     t - +0 chain mail
rNeg   + . .     Faith    .     c - +0 shield
rPois  .         Spirit   .     (no helmet)
rElec  .         Dismiss  .     y - +0 cloak
rCorr  +         Reflect  .     (no gloves)
SustAt .         Harm     .     (no boots)
MR     .....                    (no amulet)
Stlth  ..........               x - ring of positive energy
                                k - ring of resist corrosion

@: not resistant to hostile enchantments, extremely unstealthy
A: no striking features
a: Potion Petition, Call Merchant, Bribe Branch, Renounce Religion


You were on level 4 of the Dungeon.
You worshipped Gozag.
Gozag was noncommittal.
You were hungry.

You visited 1 branch of the dungeon, and saw 4 of its levels.

You collected 555 gold pieces.
You paid 40 gold pieces to Gozag.

Inventory:

Hand Weapons
 a - a +0 rapier
 b - a +0 hunting sling (weapon)
Missiles
 h - 80 stones (quivered)
 n - 36 sling bullets
 p - 16 poisoned needles
Armour
 c - a +0 shield (worn)
 t - a +0 chain mail (worn)
 y - a +0 cloak (worn)
Jewellery
 k - a ring of resist corrosion (left hand)
 x - a ring of positive energy (right hand)
Wands
 i - a wand of iceblast (9/15)
 j - a wand of hasting (0/9)
Scrolls
 d - a scroll of enchant armour {!r, unknown}
 e - 2 scrolls of remove curse {!r}
 g - 2 scrolls of magic mapping {!r}
 z - a scroll of blinking {!r}
Potions
 l - 2 potions of flight {!q}
 q - a potion of heal wounds {!q, unknown}
 v - a potion of curing {!q}
Books
 m - a Grand Grimoire

   Spells                             Type                      Level
   a - Monstrous Menagerie            Summoning                    7
   b - Summon Greater Demon           Summoning                    7
   c - Malign Gateway                 Summoning/Translocation      7
   d - Summon Horrible Things         Summoning                    8
Comestibles
 f - 3 bread rations


   Skills:
 + Level 3.5 Fighting
 - Level 2.0 Short Blades
 + Level 3.3 Armour
 - Level 3.6 Dodging
 + Level 3.3 Shields


You had 4 spell levels left.
You didn't know any spells.

Dungeon Overview and Level Annotations

Branches:
Dungeon (4/15)
 Temple: D:4-7

Altars:
Dithmenos
Gozag
Pakellas
Xom
Yredelemnul
Zin

Annotations:
D:4 Natasha


Message History

Firing (i - inventory. (,) - cycle):
h - 89 stones (quivered)
Press: ? - help, Shift-Dir - straight line, f/p - Natasha
Aim: Natasha (lightly wounded)
You shoot a stone. The stone completely misses Natasha.
Firing (i - inventory. (,) - cycle):
h - 88 stones (quivered)
Press: ? - help, Shift-Dir - straight line, f/p - Natasha
Aim: Natasha (lightly wounded)
You shoot a stone. The stone barely misses Natasha.
Firing (i - inventory. (,) - cycle):
h - 87 stones (quivered)
Press: ? - help, Shift-Dir - straight line, f/p - Natasha
Aim: Natasha (lightly wounded)
You shoot a stone. The stone misses Natasha.
Natasha stares at you and mumbles some strange words.
The magic dart hits you! Natasha claws you but does no damage.
Firing (i - inventory. (,) - cycle):
h - 86 stones (quivered)
Press: ? - help, Shift-Dir - straight line, f/p - Natasha
Aim: Natasha (lightly wounded)
You shoot a stone. The stone barely misses Natasha.
Natasha claws you.
Firing (i - inventory. (,) - cycle):
h - 85 stones (quivered)
Press: ? - help, Shift-Dir - straight line, f/p - Natasha
Aim: Natasha (lightly wounded)
You shoot a stone. The stone misses Natasha.
Natasha mumbles some strange words.
Firing (i - inventory. (,) - cycle):
h - 84 stones (quivered)
Press: ? - help, Shift-Dir - straight line, f/p - Natasha
Aim: Natasha (lightly wounded)
You shoot a stone. The stone barely misses Natasha.
Natasha claws you but does no damage. The crimson imp completely misses you.
Firing (i - inventory. (,) - cycle):
h - 83 stones (quivered)
Press: ? - help, Shift-Dir - straight line, f/p - Natasha
Aim: Natasha (lightly wounded)
You shoot a stone. The stone barely misses Natasha.
Natasha casts a spell.
You block the crimson imp's attack.
Natasha casts a spell.
Firing (i - inventory. (,) - cycle):
h - 82 stones (quivered)
Press: ? - help, Shift-Dir - straight line, f/p - Natasha
Aim: Natasha (lightly wounded)
You shoot a stone.
The stone closely misses the crimson imp.
Natasha wildly gestures.
Natasha glows brightly for a moment.
You block the crimson imp's attack.
Natasha mumbles some strange words.
Natasha glows brightly for a moment.
Firing (i - inventory. (,) - cycle):
h - 81 stones (quivered)
Press: ? - help, Shift-Dir - straight line, f/p - crimson imp
Aim: a crimson imp (summoned)
You shoot a stone.
The stone closely misses the crimson imp.
The crimson imp laughs crazily.
The crimson imp barely misses you. You block the shadow imp's attack.
The crimson imp shouts, "Take thy face hence, thou prissy toad-spotted mammet!"
You block the crimson imp's attack. The shadow imp gestures at you.
Pain shoots through your body! The shadow imp gestures at you.
Pain shoots through your body!
* * * LOW HITPOINT WARNING * * *
There is a stone staircase leading down here.
The shadow imp gestures at you. Pain shoots through your body!
You die...
Your body crumbles into a pile of gold.

.# #######(# ...(.(.#
############ #..#...#
#........#<# #..#..##
#........#.# #..#...#
#........#.# #..##..#
#........#.#####...#h5#
................@>.55##
.........#.........#.#
.###############.....#
.# #...........### .#
#...........# >#
#...........# .#
#######.###.# .#
#####...#.# .#######
#....._...#


You could see Natasha, 2 crimson imps and a shadow imp.

Vanquished Creatures
  An orc priest (D:4)
  An orc wizard (D:4)
  A hound (D:4)
  2 worker ants
  2 adders
  An ooze (D:4)
  A dart slug (D:3)
  7 giant geckos
  3 orcs
  7 bats
  2 giant cockroaches
  12 goblins
  11 hobgoblins
  3 jackals (D:2)
  A quokka (D:3)
  5 giant newts
  9 kobolds
  8 rats
77 creatures vanquished.

Notes
Turn   | Place    | Note
--------------------------------------------------------------
     0 | D:1      | Amnesiac the Deep Elf Fighter began the quest for the Orb.
     0 | D:1      | Reached XP level 1. HP: 13/13 MP: 3/3
    25 | D:1      | Reached skill level 1 in Dodging
    76 | D:1      | Reached XP level 2. HP: 14/18 MP: 4/4
   291 | D:3      | Found an opulent altar of Gozag.
   310 | D:3      | Became a worshipper of Gozag Ym Sagoz the Greedy
   463 | D:1      | Reached XP level 3. HP: 17/22 MP: 5/5
  1516 | D:2      | Reached XP level 4. HP: 27/27 MP: 6/6
  2374 | D:4      | Reached XP level 5. HP: 29/32 MP: 7/7
  2957 | D:4      | Found a basalt altar of Yredelemnul.
  2965 | D:4      | Found a shadowy altar of Dithmenos.
  2966 | D:4      | Found an opulent altar of Gozag.
  2974 | D:4      | Found a shimmering altar of Xom.
  2975 | D:4      | Found a glowing silver altar of Zin.
  3180 | D:4      | Found an oddly glowing altar of Pakellas.
  3351 | D:4      | Noticed Natasha
  3368 | D:4      | Killed from afar by a shadow imp

Skill      XL: |  1  2  3  4  5 |
---------------+----------------+-----
Dodging        | 2 3 |  3.6
Fighting       | 3 |  3.5
Armour         | 3 |  3.3
Shields        | 3 |  3.3
Short Blades   | |  2.0

Action                   |  1- 3 |  4- 6 || total
-------------------------+-------+-------++-------
Melee: Rapier            |   204 |    80 ||   284
       Unarmed           |       |    10 ||    10
 Fire: Hunting sling     |       |    89 ||    89
Invok: Potion Petition   |       |     1 ||     1
Evoke: Wand              |       |     1 ||     1
  Use: Scroll            |     1 |     8 ||     9
       Potion            |       |     5 ||     5
 Stab: Distracted        |       |     1 ||     1
  Eat: Fruit             |     4 |       ||     4
       Bread ration      |       |     1 ||     1
Armor: Scale mail        |    66 |       ||    66
       Chain mail        |     6 |    77 ||    83
       Skin              |       |    13 ||    13
Dodge: Dodged            |    67 |    26 ||    93
Block: Shield            |    90 |    88 ||   178
